 Dungeon Crawl Stone Soup version 0.18.1-5-g4a78601 (webtiles) character file.

261971 varam the Executioner (level 19, -6/261 HPs)
             Began as a Minotaur Gladiator on May 11, 2016.
             Was the Champion of Trog.
             Mangled by an acid blob (21 damage)
             ... on level 5 of the Pits of Slime.
             The game lasted 02:44:05 (46409 turns).

varam the Executioner (Minotaur Gladiator)         Turns: 46409, Time: 02:44:06

Health: -6/261     AC: 30    Str: 29    XL:     19   Next: 21%
Magic:  3/4        EV: 15    Int: 13    God:    Trog [******]
Gold:   763        SH:  0    Dex: 17    Spells: 0 memorised, 18 levels left

rFire  + + .     SeeInvis +     x - +7 battleaxe (antimagic)
rCold  + + .     Gourm    .     l - +5 gold dragon armour
rNeg   + . .     Faith    +     (shield currently unavailable)
rPois  +         Spirit   .     Y - +4 hat of the Komtur {-Cast rC+ Int+8 SInv}
rElec  .         Dismiss  .     V - +0 cloak {rF+}
rCorr  +         Reflect  .     z - +2 pair of gloves
SustAt .         Harm     .     d - +1 pair of boots of a ziggurat {rN+ Str+2}
MR     +....     NoCast   +     D - amulet of faith
Stlth  ..........               e - ring of resist corrosion
                                b - ring of resist corrosion

@: berserking, corroded, very quick, somewhat resistant to hostile enchantments,
extremely unstealthy
A: retaliatory headbutt, horns 2, low mp 2
a: Berserk, Trog's Hand, Brothers in Arms, Burn Spellbooks, Renounce Religion
}: 2/15 runes: decaying, gossamer


You were on level 5 of the Pits of Slime.
You worshipped Trog.
Trog was exalted by your worship.
You were not hungry.

You visited 8 branches of the dungeon, and saw 40 of its levels.
You also visited: Ice Cave and Volcano.

You collected 3237 gold pieces.
You spent 2474 gold pieces at shops.

Inventory:

Hand Weapons
 w - a +8 executioner's axe of flaming
 x - a +7 antimagic battleaxe (weapon)
Missiles
 c - 17 javelins of penetration
Armour
 d - the +1 pair of boots of a ziggurat (worn) {rN+ Str+2}
   (You found it on level 1 of the Swamp)

   It affects your strength (+2).
   It protects you from negative energy.
 l - a +5 gold dragon armour (worn)
 z - a +2 pair of gloves (worn)
 V - a +0 cloak of fire resistance (worn)
 Y - the +4 hat of the Komtur (worn) {-Cast rC+ Int+8 SInv}
   (You found it on level 8 of the Lair of Beasts)

   It affects your intelligence (+8).
   It protects you from cold.
   It lets you see invisible.
   It prevents spellcasting.
Jewellery
 b - a ring of resist corrosion (left hand)
 e - a ring of resist corrosion (right hand)
 D - an amulet of faith (around neck)
Wands
 y - a wand of heal wounds (5/9)
 H - a wand of digging (6/24)
 Q - a wand of teleportation (5/9)
 X - a wand of heal wounds (3/9)
Scrolls
 a - 7 scrolls of fog
 j - 4 scrolls of fear
 m - 3 scrolls of blinking
 q - 3 scrolls of identify (quivered)
 t - 9 scrolls of magic mapping
 u - 10 scrolls of remove curse
 v - a scroll of enchant weapon
 Z - 10 scrolls of teleportation
Potions
 B - 10 potions of curing
 I - a potion of cancellation
 J - a potion of ambrosia
Miscellaneous
 n - a box of beasts
 R - a sack of spiders {used: 1}
Comestibles
 S - 13 fruits
 U - a slice of pizza


   Skills:
 - Level 16.5 Fighting
 + Level 24.3 Axes
 - Level 12.8 Throwing
 - Level 16.7 Armour
 - Level 15.0 Dodging


You had 18 spell levels left.
You didn't know any spells.

Dungeon Overview and Level Annotations

Branches:
Dungeon (15/15)            Temple (1/1) D:4            Lair (8/8) D:9
  Swamp (4/4) Lair:4       Spider (4/4) Lair:3        Slime (5/6) Lair:8
    Orc (2/2) D:12            Elf (1/3) Orc:2        Vaults (0/5) D:13
 Depths (0/5) D:15

Altars:
Ashenzari
Cheibriados
Dithmenos
Elyvilon
Fedhas
Gozag
Kikubaaqudgha
Makhleb
Nemelex Xobeh
Okawaru
Pakellas
Qazlal
Ru
Sif Muna
Trog
Vehumet
Xom
Yredelemnul
Zin
The Shining One

Shops:
D:5 (   D:7 }   D:8 =[*   D:9 ?   Orc:1 ?   Orc:2 ([*=[

Portals:
Trove: D:13 (give 11 potions of heal wounds)


Innate Abilities, Weirdness & Mutations

You reflexively headbutt those who attack you in melee.
You have a pair of horns on your head.
Your magical capacity is very low (-20% MP).


Message History

You slice the acid blob!!
Your hands burn!
* * * LOW HITPOINT WARNING * * *
You headbutt the acid blob!!
The acid blob is heavily wounded.
You closely miss the azure jelly. You slash the great orb of eyes!
The great orb of eyes's magic leaks into the air.
The great orb of eyes is moderately wounded.
The acid blob hits you!!
* * * LOW HITPOINT WARNING * * *
You are splashed with acid!
The acid burns!
You resist.
* * * LOW HITPOINT WARNING * * *
The azure jelly hits you but does no damage. x2
The azure jelly hits you.
* * * LOW HITPOINT WARNING * * *
The azure jelly misses you. The eye of draining gazes at you.
You feel your power leaking away.
The great orb of eyes falters for a moment.
The acid blob hits you!!
You die...

### ##.....
##..###........## #
#....#........#..
##.##...............
#........>..........
#.....<............
#..........#........
....###.............
#.# ##..)G.@.......
# #......J.......
#.........J..>....
##.#........<.....
#..............#..
##.#...#.......G..
######...........
.#..........
..#.......


You could see an acid blob, an azure jelly, a great orb of eyes and an eye of
draining.

Vanquished Creatures
  the Lernaean hydra (Swamp:4)
  Nikola (Swamp:4)
  Jorgrun (Swamp:3)
  A tentacled monstrosity (Swamp:4)
  Frances (D:12)
  Gastronok (D:8)
  5 acid blobs
  2 thorn hunters
  6 azure jellies
  Maud (Orc:2)
  An orc warlord (Orc:2)
  6 ghost moths
  4 emperor scorpions
  A frost giant (D:14)
  A deep elf elementalist (Elf:1)
  A deep elf death mage (Elf:1)
  Erolcha (D:12)
  4 great orbs of eyes
  4 ghost crabs
  An entropy weaver (Spider:3)
  A rakshasa (D:12)
  16 hydras
  A catoblepas (Lair:8)
  Erica (D:9)
  8 centaur warriors
  5 dancing weapons
  10 alligators
  An ogre mage (D:15)
  4 orc high priests
  A vampire mage (D:15)
  A queen ant (Lair:2)
  11 death yaks
  A spriggan (Swamp:4)
  4 deep elf knights
  A spark wasp zombie (D:15)
  13 swamp dragons
  5 skeletal warriors
  5 spriggan druids
  The ghost of Charly the Grappler, a novice VSTm of Cheibriados (Lair:3)
  2 shambling mangroves
  3 unseen horrors
  7 hill giants
  A shadow dragon zombie (D:15)
  5 deep elf archers (Elf:1)
  4 orc sorcerers (Orc:2)
  3 wizards
  2 necromancers
  3 oklob plants (Lair:8)
  13 orb spiders
  24 wolf spiders
  30 deep elf magi
  A griffon (shapeshifter) (D:14)
  4 cyclopes
  A manticore (D:15)
  3 shining eyes
  3 orc knights
  11 ugly things
  8 hornets
  A moth of wrath (Spider:3)
  5 black mambas
  11 elephants
  The ghost of Uhlv the Ducker, a novice DDMo (D:5)
  An eye of devastation (shapeshifter) (D:12)
  An eye of devastation (Slime:3)
  2 torpor snails
  4 centaur skeletons
  25 spiny frogs
  A gargoyle (D:13)
  A kobold demonologist (D:15)
  6 demonic crawlers
  11 komodo dragons
  An efreet (D:12)
  A yaktaur (D:15)
  A guardian mummy (D:15)
  3 rime drakes
  9 trolls
  An entropy weaver zombie (D:15)
  22 jumping spiders
  A wolf spider simulacrum (D:15)
  5 polar bears
  3 raiju (Lair:8)
  6 two-headed ogres
  Prince Ribbit (D:5)
  A slime creature (shapeshifter) (D:14)
  8 giant leeches
  24 blink frogs
  Grinder (D:6)
  A fire dragon zombie (D:15)
  4 bog bodies
  54 slime creatures
  A vampire (D:15)
  39 redbacks
  4 shadows
  A wraith (D:15)
  Sigmund (D:2)
  20 tarantellas
  3 air elementals (Elf:1)
  42 yaks
  A fire elemental (Orc:2)
  A human (shapeshifter) (Elf:1)
  A water elemental (D:14)
  A hippogriff (shapeshifter) (Elf:1)
  A wyvern (D:13)
  Grum (D:9)
  20 vampire mosquitoes
  3 basilisks
  5 hungry ghosts
  18 swamp worms
  12 hippogriffs
  8 wargs
  8 insubstantial wisps
  2 mottled dragons
  A swamp worm (shapeshifter) (D:14)
  5 hell hounds (Lair:8)
  20 soldier ants (Lair:2)
  A water moccasin (shapeshifter) (D:15)
  15 water moccasins
  Duvessa (D:7)
  10 porcupines
  A porcupine (shapeshifter) (Elf:1)
  6 eyes of draining
  12 black bears
  29 orc warriors
  5 ice beasts
  8 wasps
  12 swamp drakes
  2 phantoms
  4 sky beasts
  A necrophage (D:10)
  24 wolves
  17 ogres
  33 centaurs
  12 crocodiles
  A big kobold (D:12)
  7 elf zombies (Elf:1)
  26 giant frogs
  An earth elemental (Elf:1)
  A wyvern zombie (D:14)
  9 scorpions
  Dowan (D:7)
  26 killer bees
  11 wights
  7 howler monkeys
  9 electric eels
  6 crimson imps
  2 giant frog zombies
  19 jellies
  18 hounds
  22 orc priests
  5 centaur zombies
  A giant frog skeleton (D:13)
  30 worker ants
  9 iguanas
  34 orc wizards
  6 hell rats (Lair:5)
  12 sheep
  2 giant frog simulacra (D:12)
  A worker ant zombie (D:5)
  Robin (D:4)
  17 adders
  3 gnolls (D:7)
  39 river rats
  4 shadow imps
  24 white imps
  8 ufetubi
  2 adder zombies (D:7)
  3 worms
  A dart slug (D:1)
  5 giant geckos
  92 orcs
  11 bats
  5 giant cockroaches
  21 goblins
  8 hobgoblins
  12 jackals
  5 quokkas
  A giant gecko zombie (D:5)
  13 kobolds
  15 rats
  6 briar patches
  A bush (Lair:7)
  4 fungi
  6 plants
1464 creatures vanquished.

Vanquished Creatures (collateral kills)
  An emperor scorpion (Spider:4)
  A ghost moth (Spider:4)
  A hydra (Swamp:4)
  A centaur warrior (D:15)
  2 death yaks (Lair:8)
  A swamp dragon (Swamp:4)
  2 orc knights
  4 orb spiders (Spider:4)
  A wolf spider (Spider:4)
  An orc sorcerer (Orc:2)
  A hornet (Spider:4)
  A moth of wrath (Spider:4)
  A spiny frog (Swamp:4)
  A komodo dragon (Lair:8)
  4 polar bears (Lair:8)
  A redback (Spider:4)
  A tarantella (Spider:4)
  4 insubstantial wisps (Swamp:4)
  A warg (Lair:8)
  2 black bears (Lair:8)
  A wolf (Lair:8)
33 creatures vanquished.

Vanquished Creatures (others)
  A fire giant (D:14)
  A centaur warrior (D:12)
  A skeletal warrior (D:14)
  2 deep elf magi (Elf:1)
  An ugly thing (D:12)
  A cyclops (D:13)
  An orb spider (Spider:4)
  A demonic crawler (Spider:4)
  A queen bee (D:13)
  A slime creature (D:13)
  A centaur (D:13)
  A wolf (D:12)
  A killer bee (D:13)
  3 electric eels
  A hound (D:12)
  An orc priest (D:12)
  An orc wizard (D:14)
  2 ufetubi (IceCv)
  An orc (D:14)
  3 briar patches (Swamp:4)
  7 fungi
  12 plants
  3 withered plants (D:15)
48 creatures vanquished.

Grand Total: 1545 creatures vanquished

Notes
Turn   | Place    | Note
--------------------------------------------------------------
     0 | D:1      | varam the Minotaur Gladiator began the quest for the Orb.
     0 | D:1      | Reached XP level 1. HP: 18/18 MP: 0/0
   258 | D:1      | Reached skill level 4 in Axes
   258 | D:1      | Reached XP level 2. HP: 25/25 MP: 1/1
   843 | D:2      | Reached XP level 3. HP: 27/30 MP: 2/2
   867 | D:2      | Reached skill level 1 in Armour
  1256 | D:2      | Noticed Sigmund
  1264 | D:2      | Killed Sigmund
  1264 | D:2      | Reached skill level 5 in Axes
  1264 | D:2      | Reached XP level 4. HP: 11/38 MP: 3/3
  1264 | D:2      | Reached XP level 5. HP: 13/45 MP: 4/4
  1871 | D:2      | Found a shattered altar of Ashenzari.
  1875 | D:2      | Saw a vision of the Swamp and the Spider Nest.
  1875 | D:2      | Noticed a water moccasin
  1875 | D:2      | Noticed a water moccasin
  1875 | D:2      | Noticed an alligator
  1875 | D:2      | Noticed a swamp drake
  1875 | D:2      | Noticed a water moccasin
  1875 | D:2      | Noticed a swamp drake
  1875 | D:2      | Noticed an alligator
  1875 | D:2      | Noticed a redback
  1875 | D:2      | Noticed a redback
  1875 | D:2      | Noticed a redback
  1875 | D:2      | Noticed a redback
  1876 | D:2      | Noticed an alligator
  1923 | D:2      | Found a white marble altar of Elyvilon.
  1935 | D:2      | Found a snail-covered altar of Cheibriados.
  2530 | D:3      | Reached XP level 6. HP: 37/52 MP: 5/5
  2539 | D:3      | Reached skill level 6 in Axes
  3389 | D:4      | Noticed a sky beast
  3426 | D:4      | Killed a sky beast
  3985 | D:4      | Noticed Robin
  3992 | D:4      | Killed Robin
  4129 | D:4      | You fall through a shaft for 2 floors!
  4149 | D:6      | Found a shadowy altar of Dithmenos.
  4197 | D:6      | Reached XP level 7. HP: 59/59 MP: 6/6
  4242 | D:5      | Entered Level 5 of the Dungeon
  4242 | D:5      | Noticed Uhlv's ghost (novice DDMo)
  4643 | D:6      | Found a shimmering altar of Xom.
  4651 | D:6      | Noticed Grinder
  4674 | D:6      | Reached skill level 7 in Axes
  4680 | D:6      | Killed Grinder
  4696 | D:6      | Reached skill level 5 in Dodging
  4924 | D:6      | Reached XP level 8. HP: 67/67 MP: 7/7
  4980 | D:6      | Reached skill level 5 in Fighting
  5010 | D:5      | Found Iruhosed's Antique Weapon Emporium.
  5173 | D:4      | Found a staircase to the Ecumenical Temple.
  5179 | Temple   | Entered the Ecumenical Temple
  5406 | Temple   | Became a worshipper of Trog the Wrathful
  5793 | D:5      | Found an iron altar of Okawaru.
  5881 | D:5      | Noticed Prince Ribbit
  6161 | D:5      | Killed Uhlv's ghost
  6161 | D:5      | Reached skill level 8 in Axes
  6161 | D:5      | Reached skill level 5 in Armour
  6562 | D:5      | Killed Prince Ribbit
  6562 | D:5      | Reached skill level 9 in Axes
  6562 | D:5      | Reached skill level 5 in Throwing
  7345 | D:6      | Found a sparkling altar of Nemelex Xobeh.
  7422 | D:7      | Reached XP level 9. HP: 64/75 MP: 8/8
  7431 | D:7      | Noticed Dowan
  7432 | D:7      | Noticed Duvessa
  7462 | D:7      | Killed Dowan
  7462 | D:7      | Reached skill level 10 in Axes
  7498 | D:7      | Killed Duvessa
  7660 | D:7      | Reached * piety under Trog
  7915 | D:7      | Found Gion Fouc's Gadget Boutique.
  7927 | D:7      | Bought a wand of teleportation (3/9) for 231 gold pieces
  7927 | D:7      | Bought a sack of spiders for 220 gold pieces
  8262 | D:8      | Found Tasimem's Assorted Antiques.
  8330 | D:8      | Noticed Gastronok
  8344 | D:8      | Killed Gastronok
  8344 | D:8      | Reached skill level 12 in Axes
  8344 | D:8      | Reached XP level 10. HP: 83/83 MP: 9/9
  8401 | D:8      | Found Siececesk's Armour Shoppe.
  8435 | D:8      | Found Pekigr Mozor's Distillery.
  8757 | D:8      | Found Cohadgh's Jewellery Boutique.
  8778 | D:8      | Found a glowing golden altar of the Shining One.
  8915 | D:8      | Reached ** piety under Trog
  8984 | D:8      | Reached skill level 13 in Axes
  9268 | D:9      | Found a staircase to the Lair.
  9448 | D:9      | Noticed Erica
  9942 | D:9      | Found a blossoming altar of Fedhas.
 10023 | D:9      | Killed Erica
 10024 | D:9      | Reached skill level 14 in Axes
 10070 | D:9      | Found Wotizxoe's Magic Scroll Boutique.
 10090 | D:9      | Bought a scroll of teleportation for 39 gold pieces
 10095 | D:9      | Noticed Grum
 10105 | D:9      | Killed Grum
 10290 | D:9      | Reached *** piety under Trog
 10541 | D:10     | Entered Level 10 of the Dungeon
 10575 | D:10     | Reached XP level 11. HP: 89/89 MP: 10/10
 10647 | D:10     | Noticed a hill giant
 10664 | D:10     | Killed a hill giant
 11423 | Lair:1   | Entered Level 1 of the Lair of Beasts
 11482 | Lair:1   | Received a gift from Trog
 11502 | Lair:1   | Found a frozen archway.
 11726 | IceCv    | Entered an ice cave
 11757 | IceCv    | Reached **** piety under Trog
 12452 | D:10     | Noticed an unseen horror
 12460 | D:10     | Killed an unseen horror
 12714 | D:10     | Noticed an unseen horror
 12730 | D:10     | Killed an unseen horror
 12956 | D:11     | Noticed a purple ugly thing
 12965 | D:11     | Killed a purple ugly thing
 12994 | D:11     | Noticed an unseen horror
 13016 | D:11     | Killed an unseen horror
 13167 | D:11     | Got a translucent great sword
 13168 | D:11     | Identified the +5 great sword of the Wasteland {slice, Dex+4} (You found it on level 11 of the Dungeon)
 13311 | D:11     | Noticed a hill giant
 13314 | D:11     | Killed a hill giant
 13924 | D:11     | Reached XP level 12. HP: 74/104 MP: 11/11
 13968 | D:11     | Received a gift from Trog
 14189 | D:8      | Bought a steaming lapis lazuli ring for 105 gold pieces
 14190 | D:8      | Identified the ring "Xaopt" {Str+2 Int+2} (You bought it in a shop on level 8 of the Dungeon)
 14674 | D:12     | Noticed a centaur warrior
 14675 | D:12     | Noticed a rakshasa
 14694 | D:12     | Noticed Frances
 15068 | D:12     | Killed Frances
 15068 | D:12     | Reached skill level 10 in Fighting
 15214 | D:12     | Reached ***** piety under Trog
 15299 | D:12     | Received a gift from Trog
 15416 | D:12     | Noticed Erolcha
 15421 | D:12     | Paralysed by Erolcha for 4 turns
 15426 | D:12     | Killed Erolcha
 15499 | D:12     | Reached skill level 10 in Armour
 15502 | D:12     | Received a gift from Trog
 15645 | D:12     | Found a staircase to the Orcish Mines.
 15658 | D:12     | Reached skill level 10 in Dodging
 16341 | D:12     | Reached skill level 15 in Axes
 16470 | D:12     | Killed a rakshasa
 16491 | D:12     | Banished a centaur warrior
 17396 | D:13     | Reached skill level 10 in Throwing
 17407 | D:13     | Received a gift from Trog
 17421 | D:13     | Noticed a centaur warrior
 17486 | D:13     | Reached XP level 13. HP: 113/113 MP: 12/12
 17492 | D:13     | Received a gift from Trog
 17618 | D:13     | Reached skill level 16 in Axes
 17833 | D:13     | Found a gate to the Vaults.
 18079 | D:13     | Found a portal to a secret trove of treasure.
 18089 | D:13     | Got a faintly glowing ring mail
 18100 | D:13     | Identified the +5 ring mail "Xusipoj" {rPois} (You found it on level 13 of the Dungeon)
 19273 | D:14     | Found a snail-covered altar of Cheibriados.
 19284 | D:14     | Noticed a fire giant
 19307 | D:14     | Banished a fire giant
 19385 | D:14     | Reached skill level 17 in Axes
 19890 | D:14     | Reached ****** piety under Trog
 20131 | D:14     | Noticed a frost giant
 20145 | D:14     | Killed a frost giant
 20145 | D:14     | Received a gift from Trog
 20241 | D:14     | Noticed a minotaur
 20241 | D:14     | a giant leech changed into a minotaur
 20242 | D:14     | a minotaur changed into a griffon
 20766 | D:15     | Entered Level 15 of the Dungeon
 21002 | D:15     | Reached XP level 14. HP: 121/121 MP: 13/13
 21003 | D:15     | Found a staircase to the Depths.
 21012 | D:15     | Reached skill level 18 in Axes
 22043 | D:15     | Received a gift from Trog
 24197 | Lair:2   | Received a gift from Trog
 24446 | Lair:2   | You fall through a shaft for 2 floors!
 24569 | Lair:4   | Found a staircase to the Swamp.
 24633 | Lair:4   | Reached XP level 15. HP: 133/133 MP: 14/14
 25162 | Lair:3   | Received a gift from Trog
 25283 | Lair:3   | Found a hole to the Spider Nest.
 25362 | Lair:3   | Received a gift from Trog
 25462 | Lair:3   | Found a white marble altar of Elyvilon.
 25502 | Lair:3   | Noticed Charly's ghost (novice VSTm)
 25510 | Lair:3   | Killed Charly's ghost
 26613 | Lair:6   | Found a dark tunnel.
 26994 | Volcano  | Entered a volcano
 27015 | Volcano  | Found a radiant altar of Vehumet.
 27134 | Volcano  | Received a gift from Trog
 27353 | Lair:6   | Received a gift from Trog
 28442 | Lair:7   | Reached skill level 19 in Axes
 28466 | Lair:7   | Received a gift from Trog
 28987 | Lair:8   | Entered Level 8 of the Lair of Beasts
 29453 | Lair:8   | Found a staircase to the Slime Pits.
 29552 | Lair:8   | Found an opulent altar of Gozag.
 29830 | Lair:8   | Reached XP level 16. HP: 130/145 MP: 15/15
 30335 | Lair:8   | Received a gift from Trog
 30543 | Lair:8   | Received a gift from Trog
 30556 | Lair:8   | Got a bloodstained hat
 30585 | Lair:8   | Identified the +4 hat of the Komtur {-Cast rC+ Int+8 SInv} (You found it on level 8 of the Lair of Beasts)
 31133 | Orc:1    | Entered Level 1 of the Orcish Mines
 31272 | Orc:2    | Entered Level 2 of the Orcish Mines
 31309 | Orc:2    | Found Aqusuepp's Antique Armour Shoppe.
 31379 | Orc:2    | Received a gift from Trog
 31636 | Orc:2    | Noticed Maud
 31645 | Orc:2    | Killed Maud
 31656 | Orc:2    | Found a staircase to the Elven Halls.
 31683 | Orc:1    | Found Umodd's Magic Scroll Boutique.
 31742 | Orc:1    | Bought 3 scrolls of brand weapon for 660 gold pieces
 31745 | Orc:1    | Bought a scroll of enchant weapon for 82 gold pieces
 32015 | Orc:2    | Paralysed by an orc sorcerer for 5 turns
 32037 | Orc:2    | Received a gift from Trog
 32042 | Orc:2    | Reached skill level 20 in Axes
 32158 | Orc:2    | Found Raobruv's General Store.
 32173 | Orc:2    | Found Tenenioh's Jewellery Shop.
 32175 | Orc:2    | Found Moig's Antique Armour Boutique.
 32175 | Orc:2    | Found Hawouw's Antique Weapon Boutique.
 32192 | Orc:2    | Bought a gold dragon hide for 980 gold pieces
 32579 | Elf:1    | Entered Level 1 of the Elven Halls
 32585 | Elf:1    | Received a gift from Trog
 33073 | Elf:1    | Received a gift from Trog
 33087 | Elf:1    | Identified the Compendium of Black Rites
 33094 | Elf:1    | Got a fine great sword {god gift}
 33095 | Elf:1    | Identified the +8 great sword of the Hills {venom, Fragile Str+9 Int+7} (Trog gifted it to you on level 1 of the Elven Halls)
 34975 | Orc:1    | Received a gift from Trog
 35142 | D:8      | Bought a scroll of enchant armour for 157 gold pieces
 35375 | Swamp:1  | Entered Level 1 of the Swamp
 35734 | Swamp:1  | Got a pair of heavily runed boots
 35742 | Swamp:1  | Identified the +1 pair of boots of a ziggurat {rN+ Str+2} (You found it on level 1 of the Swamp)
 35974 | Swamp:1  | Reached XP level 17. HP: 154/154 MP: 5/16
 35977 | Swamp:1  | Reached skill level 21 in Axes
 35981 | Swamp:1  | Received a gift from Trog
 37033 | Swamp:3  | Reached skill level 15 in Armour
 37069 | Swamp:3  | Noticed Jorgrun
 37334 | Swamp:3  | Killed Jorgrun
 38058 | Swamp:4  | Entered Level 4 of the Swamp
 38099 | Swamp:4  | Received a gift from Trog
 38102 | Swamp:4  | Got an encrusted battleaxe {god gift}
 38103 | Swamp:4  | Identified the +3 battleaxe "Umeugu" {chop, Str+4} (Trog gifted it to you on level 4 of the Swamp)
 38122 | Swamp:4  | Noticed Nikola
 38133 | Swamp:4  | Killed Nikola
 38163 | Swamp:4  | Reached skill level 15 in Fighting
 39620 | Swamp:4  | Noticed the 27-headed Lernaean hydra
 39631 | Swamp:4  | Killed the 25-headed Lernaean hydra
 39644 | Swamp:4  | Received a gift from Trog
 39685 | Swamp:4  | Noticed a tentacled monstrosity
 39695 | Swamp:4  | Killed a tentacled monstrosity
 39928 | Swamp:4  | Got a decaying rune of Zot
 40368 | Spider:1 | Entered Level 1 of the Spider Nest
 40378 | Spider:1 | Reached XP level 18. HP: 134/163 MP: 17/17
 41332 | Spider:1 | Received a gift from Trog
 42012 | Spider:2 | Reached skill level 15 in Dodging
 42332 | Spider:2 | Received a gift from Trog
 42412 | Spider:2 | Reached skill level 22 in Axes
 43184 | Spider:3 | Got a crystal whip
 43185 | Spider:3 | Identified the +3 whip of the Blue Skies {freeze, +Rage MR+} (You found it on level 3 of the Spider Nest)
 43194 | Spider:4 | Entered Level 4 of the Spider Nest
 43489 | Spider:4 | Received a gift from Trog
 44028 | Spider:4 | Received a gift from Trog
 44388 | Spider:4 | Reached skill level 23 in Axes
 44552 | Spider:4 | Got a gossamer rune of Zot
 45113 | Slime:1  | Entered Level 1 of the Pits of Slime
 45319 | Slime:2  | Gained mutation: Your magical capacity is low (-10% MP). [a shining eye]
 45473 | Slime:2  | Received a gift from Trog
 45912 | Slime:3  | Gained mutation: Your magical capacity is very low (-20% MP). [a shining eye]
 45963 | Slime:2  | Reached XP level 19. HP: 174/174 MP: 0/14
 46383 | Slime:5  | Reached skill level 24 in Axes
 46384 | Slime:5  | Received a gift from Trog
 46409 | Slime:5  | Mangled by an acid blob

Skill      XL: |  1  2  3  4  5  6  7  8  9 10 11 12 13 14 15 16 17 18 19 |
---------------+----------------------------------------------------------+-----
Axes           | 4 5 6 7 9 12 14 15 17 18 19 20 21 23 24 | 24.3
Armour         | 2 3 4 5 9 10 11 13 14 16 | 16.7
Fighting       | 3 4 5 6 9 10 12 13 14 15 16 | 16.5
Dodging        | 4 5 6 8 10 11 12 13 14 15 | 15.0
Throwing       | 3 4 5 7 8 10 12 | 12.8

Action                   |  1- 3 |  4- 6 |  7- 9 | 10-12 | 13-15 | 16-18 | 19-21 || total
-------------------------+-------+-------+-------+-------+-------+-------+-------++-------
Melee: War axe           |    66 |   114 |   241 |    33 |       |       |       ||   454
       Headbutt          |    10 |    22 |    61 |   173 |   314 |   352 |    24 ||   956
       Hand axe          |       |       |       |   152 |       |       |       ||   152
       Broad axe         |       |       |       |   298 |   932 |   237 |       ||  1467
       Great sword       |       |       |       |    56 |     3 |       |       ||    59
       Battleaxe         |       |       |       |   126 |   201 |   752 |    66 ||  1145
       Eveningstar       |       |       |       |       |    21 |       |       ||    21
       Executioner's axe |       |       |       |       |       |   451 |       ||   451
Throw: Stone             |       |       |     5 |       |       |       |       ||     5
       Throwing net      |       |       |     1 |     4 |       |       |       ||     5
       Tomahawk          |       |       |       |    32 |       |     1 |       ||    33
       Javelin           |       |       |       |    22 |    24 |    18 |       ||    64
Invok: Burn Spellbooks   |       |       |     1 |     1 |     2 |     2 |       ||     6
       Berserk           |       |       |     2 |    22 |    26 |    25 |     1 ||    76
       Trog's Hand       |       |       |       |       |     2 |     8 |       ||    10
       Brothers in Arms  |       |       |       |       |     2 |    10 |       ||    12
Evoke: Wand              |       |       |       |     2 |     4 |     1 |       ||     7
       Sack of spiders   |       |       |       |     1 |       |       |       ||     1
  Use: Scroll            |       |       |     8 |     8 |    14 |    15 |       ||    45
       Potion            |       |       |     1 |     4 |       |     2 |     1 ||     8
 Stab: Distracted        |       |       |       |       |       |     4 |       ||     4
  Eat: Chunk             |     1 |     3 |     3 |    32 |    57 |    39 |       ||   135
       Meat ration       |       |     1 |     2 |       |       |     4 |       ||     7
       Beef jerky        |       |     1 |     1 |       |       |     3 |       ||     5
       Bread ration      |       |       |       |     5 |     1 |     3 |       ||     9
       Pizza             |       |       |       |     2 |       |     1 |     2 ||     5
       Royal jelly       |       |       |       |       |     4 |       |       ||     4
       Fruit             |       |       |       |       |       |     4 |       ||     4
Armor: Leather armour    |     1 |       |       |       |       |       |       ||     1
       Ring mail         |    12 |    44 |    66 |    19 |   244 |   106 |       ||   491
       Scale mail        |       |       |       |   194 |    11 |       |       ||   205
       Gold dragon armou |       |       |       |       |       |   700 |    75 ||   775
Dodge: Dodged            |    43 |    67 |   142 |   489 |   829 |   936 |    50 ||  2556
